 Dungeon Crawl Stone Soup version 0.20.1-1-g8b1a95d66d (webtiles) character file.

802 NullDivider the Sneak (level 7, -10/48 HPs)
             Began as an Octopode Artificer on Dec 1, 2017.
             Was a Follower of Nemelex Xobeh.
             Mangled by a large abomination (35 damage)
             ... on level 1 of the Abyss.
             The game lasted 00:21:57 (5992 turns).

NullDivider the Sneak (Octopode Artificer)          Turns: 5992, Time: 00:21:57

Health: -10/48     AC:  1    Str: 11    XL:     7   Next: 90%
Magic:  10/10      EV: 15    Int: 13    God:    Nemelex Xobeh [*.....]
Gold:   279        SH:  0    Dex: 15    Spells: 6/6 levels left

rFire    . . .     SeeInvis .   E - +0 dagger (protect)
rCold    . . .     Gourm    .   (no shield)
rNeg     . . .     Faith    .   (helmet restricted)
rPois    .         Spirit   .   (no amulet)
rElec    .         Reflect  .   l - ring of resist corrosion
rCorr    +         Harm     .   (no ring)
MR       .....                  x - ring of wizardry
Stlth    ++++......             (no ring)
Regen    0.2/turn               (no ring)
MPRegen  0.2/turn               (no ring)
                                (no ring)
                                (no ring)

@: no status effects
A: almost no armour, stealthy swim, amphibious, 8 rings, constrict 8, camouflage
1, gelatinous body 1
a: Renounce Religion


You were on level 1 of the Abyss.
You worshipped Nemelex Xobeh.
Nemelex Xobeh was aware of your devotion.
You were near starving.

You visited 2 branches of the dungeon, and saw 6 of its levels.
You visited the Abyss 1 time.

You collected 279 gold pieces.

Inventory:

Hand Weapons
 E - a +0 dagger of protection (weapon)
Armour
 o - a +0 shield
Jewellery
 l - a ring of resist corrosion (left tentacle)
 s - an uncursed ring of protection from fire {unknown}
 x - a ring of wizardry (on tentacle)
Wands
 b - a wand of flame (0/48)
 c - a wand of enslavement (24/24)
 d - a wand of random effects (14/48)
Scrolls
 a - a scroll of fear
 e - 2 scrolls of enchant armour {unknown}
 g - a scroll of magic mapping {unknown}
 i - a scroll of recharging
 j - 2 scrolls of teleportation {unknown}
 m - a scroll of amnesia
 n - 2 scrolls of identify
 p - a scroll of fog
 u - 3 scrolls of remove curse
Potions
 k - a potion of brilliance {unknown}
 q - 2 potions of haste {unknown}
 r - 4 potions of heal wounds
 t - a potion of might {unknown}
 v - 2 potions of invisibility {unknown}
 z - 2 potions of curing {unknown}
 A - a potion of ambrosia {unknown}
 B - a potion of experience {unknown}
 C - a potion of berserk rage {unknown}
Miscellaneous
 y - a plain deck of destruction {drawn: 4}
Comestibles
 f - 5 bread rations
 h - a fruit
 w - a royal jelly
 D - 2 chunks of flesh


   Skills:
 + Level 4.0 Fighting
 + Level 3.1 Short Blades
 + Level 3.8 Dodging
 * Level 6.6 Stealth
 + Level 5.2 Evocations


You had 6 spell levels left.
You didn't know any spells.

Dungeon Overview and Level Annotations

Branches:
Dungeon (5/15)             Temple (1/1) D:4

Altars:
Ashenzari
Cheibriados
Dithmenos
Elyvilon
Fedhas
Gozag
Hepliaklqana
Kikubaaqudgha
Makhleb
Nemelex Xobeh
Okawaru
Qazlal
Ru
Sif Muna
Trog
Uskayaw
Vehumet
Yredelemnul
Zin
The Shining One


Innate Abilities, Weirdness & Mutations

You cannot wear most types of armour.
You are very stealthy in the water. (Stealth+)
You are amphibious.
You can wear up to eight rings at the same time.
You can use your tentacles to constrict eight enemies at once.
Your skin changes colour to match your surroundings (Stealth+).
Your rubbery body absorbs attacks. (AC +1, EV +1)


Message History

The large abomination completely resists.
The bolt of negative energy hits the large abomination.
The large abomination completely resists.
This wand has 14 charges left.
The large abomination misses you.
A worldbinder comes into view.
The thrashing horror tramples you.
You hold your ground!
The thrashing horror tramples you.
You hold your ground!
The large abomination misses you.
As you read the scroll labeled LENOUL AS UCKOWULE, it crumbles to dust.
You assume a fearsome visage.
The large abomination is unaffected. x2
The worldbinder is unaffected.
The tentacled starspawn is unaffected.
The thrashing horror is unaffected.
It was a scroll of fear.
The thrashing horror roars!
You hear a roar!
You hear a shout!
The thrashing horror misses you. The thrashing horror tramples you.
You hold your ground!
The thrashing horror tramples you!
You hold your ground!
The thrashing horror tramples you.
You hold your ground!
The large abomination hits you!!
Ouch! That really hurt!
You die...
Your body glows slightly and disappears.

#### $.x #
#.#### #
#q##.##.##.##.#
#≈......X.≈..≈#
∩##X##.##.##$
##X### #@X.#
##x## #.# ...
##X## #.# .≈$
###


You could see a tentacled starspawn, a thrashing horror, 2 large abominations, a
worldbinder and a small abomination.

Vanquished Creatures
  A phantom (D:4)
  A bullfrog (D:4)
  A howler monkey (D:4)
  5 hounds
  A jelly (D:5)
  Crazy Yiuf (D:4)
  2 iguanas (D:4)
  3 worker ants (D:4)
  12 gnolls
  7 adders
  2 worms
  2 dart slugs
  4 leopard geckos
  4 orcs
  7 bats
  2 giant cockroaches
  14 goblins
  5 hobgoblins
  15 jackals
  2 ball pythons (D:3)
  6 frilled lizards
  12 kobolds
  A leopard gecko skeleton (D:4)
  A quokka skeleton (D:4)
  7 rats
118 creatures vanquished.

Notes
Turn   | Place    | Note
-------+----------+-------------------------------------------
     0 | D:1      | NullDivider the Octopode Artificer began the quest for the Orb.
     0 | D:1      | Reached XP level 1. HP: 13/13 MP: 3/3
   109 | D:1      | Reached skill level 2 in Stealth
   160 | D:1      | Reached XP level 2. HP: 14/18 MP: 4/4
  1046 | D:2      | Reached XP level 3. HP: 17/23 MP: 5/5
  1247 | D:2      | Reached skill level 3 in Stealth
  1263 | D:2      | Reached XP level 4. HP: 20/28 MP: 6/6
  1605 | D:2      | Reached skill level 4 in Stealth
  1724 | D:2      | Found a snail-covered altar of Cheibriados.
  1878 | D:2      | Found a faded altar of an unknown god.
  1962 | D:2      | Reached XP level 5. HP: 18/34 MP: 6/8
  1972 | D:2      | HP: 1/34 [poisoned by an adder]
  3089 | D:3      | Found a glowing silver altar of Zin.
  3090 | D:3      | Found a hide-covered altar of Uskayaw.
  3398 | D:4      | Found a staircase to the Ecumenical Temple.
  3406 | D:4      | Reached XP level 6. HP: 36/42 MP: 9/9
  3449 | Temple   | Entered the Ecumenical Temple
  3597 | Temple   | Became a worshipper of Nemelex Xobeh the Trickster
  3670 | D:4      | Reached skill level 5 in Stealth
  3784 | D:4      | Received a gift from Nemelex Xobeh
  3838 | D:4      | Noticed a phantom
  3848 | D:4      | Killed a phantom
  3978 | D:4      | Reached XP level 7. HP: 34/46 MP: 10/10
  4241 | D:4      | Reached * piety under Nemelex Xobeh
  4299 | D:4      | Found a runed door.
  4303 | D:4      | Noticed Crazy Yiuf
  4307 | D:4      | Killed Crazy Yiuf
  4555 | D:4      | Found a hazy altar of Hepliaklqana.
  4555 | D:4      | Found a stormy altar of Qazlal.
  4591 | D:4      | Reached skill level 5 in Evocations
  4669 | D:4      | Noticed Sigmund
  4673 | D:4      | Noticed Sigmund
  4673 | D:4      | Sigmund changed into Sigmund the howler monkey
  4678 | D:4      | Killed Sigmund the howler monkey
  4678 | D:4      | Reached skill level 6 in Stealth
  5333 | D:5      | Entered Level 5 of the Dungeon
  5333 | D:5      | Received a gift from Nemelex Xobeh
  5342 | D:5      | Noticed Ijyb
  5967 | D:5      | Noticed Ijyb
  5967 | D:5      | Ijyb changed into Ijyb the hound
  5972 | D:5      | Killed Ijyb the hound
  5979 | D:5      | Cast into level 1 of the Abyss (gnoll)
  5980 | Abyss:1  | Noticed a large abomination
  5980 | Abyss:1  | Noticed a white draconian knight
  5981 | Abyss:1  | Noticed a large abomination
  5986 | Abyss:1  | Noticed a thrashing horror
  5990 | Abyss:1  | Noticed a tentacled starspawn
  5991 | Abyss:1  | Noticed a worldbinder
  5992 | Abyss:1  | Mangled by a large abomination

Skill      XL: |  1  2  3  4  5  6  7 |
---------------+----------------------+-----
Stealth        | 2 3 4 5 6 |  6.6
Fighting       | 2 3 4 |  4.0
Evocations     | 4 5 |  5.2
Short Blades   | 2 3 |  3.1
Dodging        | 3 |  3.8

Action                   |  1- 3 |  4- 6 |  7- 9 || total
-------------------------+-------+-------+-------++-------
Melee: Short sword       |    54 |    25 |       ||    79
       Tentacles         |     6 |    41 |    27 ||    74
       Constrict         |    15 |    35 |    18 ||    68
       Dagger            |       |   119 |    93 ||   212
Evoke: Wand              |     3 |    11 |     2 ||    16
       Deck              |       |       |     4 ||     4
  Use: Scroll            |       |     4 |     2 ||     6
 Stab: Sleeping          |     5 |    12 |     7 ||    24
  Eat: Chunk             |     1 |     9 |     4 ||    14
Armor: Skin              |     4 |    10 |    14 ||    28
Dodge: Dodged            |    27 |    77 |    48 ||   152
